Map: Proxima Station LE

Players

Nice

  • Race: Protoss Protoss
  • Spawn Location: 7:00

Zanster - Winner!

  • Race: Zerg Zerg
  • Spawn Location: 1:00

Event: WCS Valencia 2017

VOD

Have the link to the VOD?

Description

Time

  • Played on: July 13, 2017, 1:07 p.m.
  • Length: 12:33

All games in this series

Show
View Real Time Build Order
Export as new Build Order

Nice Protoss 

Build Orders: Oracle Opening 

Get SALT Encoding   

  12  0:00  Probe (Chrono Boost)  
  13  0:11  Probe (Chrono Boost)  
  14  0:19  Pylon  
  14  0:22  Probe (Chrono Boost)  
  15  0:37  Probe (Chrono Boost), Gateway  
  16  0:48  Probe (Chrono Boost)  
  16  0:49  Assimilator  
  17  0:58  Probe (Chrono Boost)  
  17  0:59  Assimilator  
  18  1:09  Probe (Chrono Boost)  
  19  1:13  Pylon  
  19  1:19  Probe (Chrono Boost)  
  19  1:24  Cybernetics Core  
  20  1:30  Probe (Chrono Boost)  
  21  1:40  Probe (Chrono Boost)  
  22  1:51  Probe (Chrono Boost)  
  23  2:00  Stargate  
  23  2:02  Stalker (Chrono Boost)  
  23  2:05  Probe  
  23  2:06  Warp Gate  
  26  2:27  Nexus  
  26  2:43  Oracle (Chrono Boost)  
  29  2:44  Pylon  
  29  2:46  Probe  
  30  2:58  Probe  
  30  3:02  Adept  
  33  3:11  Probe  
  34  3:15  Oracle (Chrono Boost)  
  37  3:23  Probe  
  38  3:35  Probe (Chrono Boost)  
  40  3:41  Probe (Chrono Boost)  
  40  3:47  Probe (Chrono Boost)  
  41  3:52  Probe (Chrono Boost), Nexus  
  42  3:57  Pylon, Probe (Chrono Boost)  
  42  4:02  Probe (Chrono Boost)  
  45  4:11  Mothership Core (Chrono Boost)  
  45  4:13  Probe (Chrono Boost)  
  47  4:23  Probe (Chrono Boost)  
  48  4:24  Gateway  
  48  4:25  Twilight Council  
  48  4:30  Gateway  
  48  4:32  Pylon  
  48  4:40  Probe x2 (Chrono Boost)  
  48  4:45  Robotics Facility  
  50  4:50  Probe x2 (Chrono Boost)  
  52  4:57  Assimilator  
  52  4:58  Resonating Glaives (Chrono Boost)  
  52  5:00  Probe (Chrono Boost)  
  52  5:01  Probe (Chrono Boost)  
  52  5:04  Probe (Chrono Boost)  
  55  5:09  Pylon  
  55  5:10  Probe  
  55  5:11  Probe  
  57  5:25  Gateway  
  57  5:27  Gateway  
  57  5:29  Gateway  
  57  5:30  Gateway  
  57  5:31  Gateway  
  57  5:34  Warp Prism (Chrono Boost)  
  59  5:42  Adept x2  
  61  5:44  Adept  
  61  5:48  Probe  
  66  5:52  Probe  
  66  5:54  Probe  
  68  6:00  Probe  
  68  6:02  Pylon  
  68  6:03  Probe  
  69  6:06  Probe  
  69  6:10  Forge  
  69  6:11  Robotics Bay  
  71  6:13  Probe  
  71  6:14  Warp Prism (Chrono Boost)  
  74  6:26  Probe  
  74  6:27  Probe  
  74  6:28  Probe  
  74  6:31  Assimilator  
  77  6:37  Probe, Protoss Ground Weapons Level 1 (Chrono Boost)  
  79  6:40  Probe x2  
  79  6:45  Assimilator  
  80  6:47  Assimilator  
  80  6:49  Pylon  
  80  6:50  Robotics Facility  
  80  6:51  Extended Thermal Lance (Chrono Boost)  
  80  6:55  Probe x3  
  83  7:02  Colossus (Chrono Boost)  
  83  7:07  Probe x2  
  91  7:13  Pylon x2, Sentry x2  
  95  7:16  Probe  
  95  7:19  Probe  
  93  7:37  Colossus (Chrono Boost)  
  99  7:46  Sentry  
  99  7:47  Colossus (Chrono Boost)  
  107  7:59  Nexus  
  107  8:01  Pylon  
  107  8:02  Pylon  
  107  8:09  Adept x4  
  109  8:14  Pylon, Blink (Chrono Boost)  
  109  8:15  Pylon  
  109  8:20  Photon Cannon  
  109  8:21  Photon Cannon, Colossus  
  109  8:23  Pylon  
  107  8:31  Protoss Shields Level 1  
  107  8:32  Photon Cannon  
  113  8:35  Pylon  
  113  8:36  Sentry x3  
  119  8:48  Stalker x4  
  123  8:52  Observer  
  128  8:57  Stalker  
  129  9:04  Photon Cannon  
  129  9:06  Photon Cannon  
  129  9:07  Photon Cannon  
  129  9:09  Photon Cannon  
  125  9:15  Probe  
  125  9:16  Probe x2  
  127  9:17  Photon Cannon  
  127  9:28  Stalker x4  
  127  9:29  Stalker x3  
  127  9:31  Sentry  
  140  9:43  Pylon  
  133  9:55  Stargate  
  133  9:56  Stargate  
  133  9:57  Probe  
  133  9:58  Probe  
  133  9:59  Probe x2  
  137  10:00  Charge (Chrono Boost)  
  137  10:04  Stalker x2  
  135  10:08  Probe  
  135  10:10  Probe  
  135  10:11  Probe, Stalker x2  
  142  10:16  Stalker  
  144  10:22  Stalker x2  
  148  10:39  Phoenix (Chrono Boost)  
  148  10:40  Phoenix (Chrono Boost)  
  152  10:44  Stargate  
  152  10:48  Probe  
  152  10:49  Pylon x2, Probe  
  154  10:50  Probe  
  154  10:51  Pylon  
  155  11:02  Phoenix x2 (Chrono Boost)  
  157  11:17  Stalker x6  
  165  11:19  Stalker  
  165  11:24  Phoenix (Chrono Boost)  
  165  11:25  Phoenix (Chrono Boost)  
  171  11:26  Probe  
  174  11:33  Phoenix (Chrono Boost)  
  174  11:37  Warp Prism  
  176  11:45  Phoenix (Chrono Boost)  
  176  11:46  Phoenix (Chrono Boost)  
  180  11:55  Phoenix (Chrono Boost)  
  182  12:07  Phoenix (Chrono Boost)  
  184  12:10  Fleet Beacon  
  150  12:23  Stalker  
Show
View Real Time Build Order
Export as new Build Order

Zanster Zerg - Winner!

Build Orders: Hatch First 

Get SALT Encoding   

  12  0:00  Drone  
  13  0:12  Overlord  
  13  0:17  Drone  
  14  0:30  Drone x2  
  14  0:34  Drone  
  17  0:52  Hatchery  
  17  0:54  Drone  
  17  0:59  Drone  
  18  1:08  Extractor  
  17  1:13  Spawning Pool  
  17  1:16  Drone  
  17  1:20  Drone  
  18  1:28  Drone  
  20  1:40  Drone  
  20  1:50  Overlord  
  20  2:01  Queen  
  20  2:04  Queen  
  20  2:05  Zergling x2  
  20  2:06  Zergling x2  
  26  2:09  Metabolic Boost  
  26  2:12  Drone  
  26  2:15  Drone  
  29  2:22  Drone  
  29  2:33  Hatchery  
  29  2:36  Drone  
  29  2:38  Drone  
  29  2:40  Drone  
  31  2:44  Overlord  
  31  2:48  Overlord  
  31  2:58  Overlord  
  31  3:04  Drone  
  34  3:11  Drone  
  34  3:12  Drone x2  
  37  3:13  Drone  
  37  3:16  Spore Crawler  
  36  3:20  Spore Crawler  
  36  3:25  Zergling x2  
  28  3:38  Drone x4  
  30  3:42  Drone  
  31  3:49  Zergling x2  
  31  3:50  Zergling x4  
  31  3:52  Drone  
  31  3:54  Drone  
  36  4:00  Queen  
  38  4:08  Drone  
  38  4:09  Drone  
  42  4:13  Drone  
  42  4:15  Drone  
  44  4:18  Drone x2  
  44  4:22  Spore Crawler  
  45  4:25  Drone  
  45  4:27  Drone  
  45  4:28  Drone  
  45  4:29  Drone  
  45  4:30  Drone  
  45  4:31  Drone  
  48  4:32  Drone  
  48  4:35  Drone  
  48  4:36  Drone  
  51  4:38  Drone  
  51  4:40  Drone  
  51  4:42  Pneumatized Carapace  
  53  4:47  Overlord  
  53  4:49  Drone  
  53  4:50  Drone  
  53  4:51  Drone  
  56  4:55  Drone  
  56  4:57  Overlord  
  56  4:59  Overlord  
  57  5:05  Drone x3  
  56  5:08  Drone  
  56  5:09  Extractor  
  56  5:13  Roach Warren, Drone x2  
  57  5:15  Drone  
  57  5:17  Drone  
  57  5:19  Drone  
  57  5:20  Drone  
  61  5:22  Drone  
  61  5:23  Drone  
  61  5:26  Overlord  
  63  5:30  Extractor  
  63  5:33  Lair  
  63  5:34  Drone  
  63  5:35  Drone x2  
  65  5:36  Extractor  
  65  5:38  Overlord  
  64  5:46  Overlord  
  64  5:50  Spine Crawler  
  64  5:53  Roach x6  
  75  5:58  Spine Crawler  
  75  6:01  Roach  
  75  6:02  Roach  
  75  6:03  Overlord  
  78  6:09  Roach x3  
  78  6:10  Spine Crawler  
  83  6:11  Overlord  
  83  6:14  Roach  
  83  6:18  Roach  
  87  6:19  Roach  
  87  6:21  Roach x2  
  93  6:26  Extractor  
  93  6:28  Drone  
  93  6:29  Drone x7  
  93  6:30  Drone  
  93  6:31  Extractor  
  102  6:33  Drone  
  102  6:39  Overlord  
  103  6:40  Drone  
  103  6:42  Overseer  
  103  6:44  Glial Reconstitution  
  104  6:49  Drone x5  
  104  6:53  Drone  
  109  6:56  Spire  
  108  7:04  Drone  
  108  7:05  Drone  
  108  7:07  Overlord  
  108  7:08  Hatchery  
  109  7:11  Queen  
  109  7:14  Drone  
  111  7:28  Drone x3  
  111  7:29  Drone x2  
  111  7:33  Drone x2  
  112  7:43  Overlord  
  111  7:54  Overlord  
  111  8:04  Drone x3  
  109  8:09  Mutalisk  
  109  8:10  Mutalisk x10  
  131  8:14  Zerg Flyer Weapons Level 1  
  131  8:21  Hatchery  
  131  8:22  Mutalisk  
  131  8:23  Overlord  
  132  8:30  Drone  
  132  8:31  Drone x7  
  140  8:36  Overlord  
  140  8:41  Mutalisk x3  
  140  8:44  Extractor  
  140  8:45  Extractor  
  140  8:46  Drone  
  140  8:47  Drone x3  
  148  8:54  Drone  
  148  8:55  Drone  
  150  8:58  Mutalisk x2  
  150  9:01  Spine Crawler x2  
  152  9:03  Spine Crawler  
  151  9:15  Overlord  
  149  9:17  Mutalisk x4  
  149  9:23  Drone x8  
  165  9:26  Spine Crawler  
  165  9:27  Spine Crawler x2  
  165  9:28  Spine Crawler  
  165  9:30  Overlord  
  161  9:33  Mutalisk x2  
  165  9:45  Mutalisk x4  
  173  9:56  Spine Crawler  
  173  9:57  Spine Crawler  
  173  9:59  Drone x14  
  185  10:00  Spine Crawler  
  185  10:01  Spine Crawler  
  183  10:08  Drone  
  183  10:09  Drone x3  
  183  10:11  Overseer  
  183  10:13  Overseer, Extractor  
  186  10:14  Extractor  
  186  10:19  Drone  
  186  10:20  Evolution Chamber, Drone x2  
  186  10:21  Drone  
  188  10:22  Infestation Pit  
  188  10:23  Evolution Chamber  
  188  10:25  Overlord  
  188  10:26  Overlord  
  185  10:32  Spore Crawler  
  173  10:44  Mutalisk x5  
  173  10:49  Spore Crawler  
  182  10:52  Hatchery  
  182  10:56  Mutalisk, Spire  
  182  11:25  Mutalisk x7  
  182  11:32  Overlord  
  194  11:35  Zergling x12  
  200  11:48  Spine Crawler  
  200  11:49  Spine Crawler x4  
  200  11:50  Spine Crawler x3  
  200  11:51  Spine Crawler  
  191  11:58  Drone  
  191  11:59  Drone  
  191  12:00  Drone  
  193  12:01  Drone x3  
  193  12:02  Drone  
Tags
 
Add a new tag
Caveats
  • Supply blocks, unpowered buildings, or Contaminate may cause inaccurate times.
  • Supply counts are checked every 10 seconds.